 Dungeon Crawl Stone Soup version 0.21-a0-91-ga5031da (webtiles) character file.

91 Lavandula the Scratcher (level 4, 0/21 HPs)
             Began as a Felid Chaos Knight on June 28, 2017.
             Succumbed to an adder's poison
             ... on level 5 of the Dungeon.
             The game lasted 00:17:22 (3710 turns).

Lavandula the Scratcher (Felid Chaos Knight)        Turns: 3710, Time: 00:17:23

Health: 0/21       AC:  1    Str:  8    XL:     4   Next: 34%
Magic:  5/5        EV: 20    Int: 13    God:    Xom [..*...]
Gold:   175        SH:  0    Dex: 17    Spells: 3/3 levels left
                                        Lives:  0   Deaths: 1

rFire    + . .     SeeInvis +     - Unarmed
rCold    . . .     Gourm    .   (shield unavailable)
rNeg     . . .     Faith    .   (armour unavailable)
rPois    .         Spirit   .   (helmet unavailable)
rElec    .         Reflect  .   (cloak unavailable)
rCorr    .         Harm     .   (gloves unavailable)
MR       .....                  (boots unavailable)
Stlth    ++........             (no amulet)
HPRegen  0.07/turn              m - ring of wizardry
MPRegen  0.09/turn              d - ring of protection from fire

@: lethally poisoned (0 -> -8), quick
A: no armour, no weapons or thrown items, stealth, claws 1, fangs 3, see
invisible, carnivore 3, speed 1, shaggy fur 1, slow metabolism 1, sharp paws
a: Renounce Religion


You were on level 5 of the Dungeon.
You worshipped Xom.
You were a toy of Xom.
You were not hungry.

You visited 1 branch of the dungeon, and saw 5 of its levels.

You collected 175 gold pieces.

Inventory:

Jewellery
 d - a ring of protection from fire (right paw)
 f - a +5 amulet of reflection {unknown}
 h - a +3 ring of protection {unknown}
 l - a cursed amulet of inaccuracy {unknown}
 m - a ring of wizardry (left paw)
Wands
 n - a wand of acid (4/15)
Scrolls
 c - a scroll of remove curse {unknown}
 g - a scroll of fear {unknown}
 i - a scroll of recharging
 j - a scroll of amnesia
Potions
 e - 2 potions of degeneration
Comestibles
 a - 3 meat rations
 b - a royal jelly


   Skills:
 - Level 3.3 Fighting
 - Level 4.6 Dodging
 - Level 0.4 Stealth
 + Level 5.1 Unarmed Combat


You had 3 spell levels left.
You didn't know any spells.

Dungeon Overview and Level Annotations

Branches:
Dungeon (5/15)
 Temple: D:4-7

Altars:
Cheibriados
Gozag
Qazlal
Sif Muna
Xom

Annotations:
D:2 exclusion: downstairs
D:4 p0werm0de's ghost, amateur DsWr
D:5 2 transporters, exclusion: ogre


Innate Abilities, Weirdness & Mutations

You cannot wear armour.
You are incapable of wielding weapons or throwing items.
Your paws allow you to move quietly. (Stealth)
You have sharp claws.
You have razor-sharp teeth.
You have supernaturally acute eyesight. (SInv)
You are carnivorous and can eat meat at any time.
You cover ground quickly.
You are covered in fur. (AC +1)
You have a slow metabolism.
Your sharp claws are effective at attacking unaware monsters.


Message History

You feel sick. The adder closely misses you. The adder bites you.
You are more poisoned.
The adder poisons you!
You closely miss the adder. You claw the adder, but do no damage.
The adder is almost dead.
You feel sick. The adder barely misses you.
You closely miss the adder. You bite the adder.
The adder is almost dead.
You feel sick. The adder bites you.
Okay, then.
It was a potion of magic.
Magic courses through your body.
You feel sick. The adder bites you.
* * * LOW HITPOINT WARNING * * *
* * * LOW HITPOINT WARNING * * *
You feel sick.
* * * LOW HITPOINT WARNING * * *
You feel sick.
You die...
Xom howls with laughter!

#.########.# #### #.# #.#
..# #.# #.# #.# #.# #.#
#<#####.###### #.#
#............###.##
#.#####.####.#.....
.#####.#####.####.#..<..
........@................
##..####.####.####.#.....
##.# #S# #............
#.# #.# ######.###### #.
##[####.# #.#
##.###...w.w.# #.#
.........###### #.#
.........$...... ##.#
..##.##n####.... #..#


You could see a worm and an adder.

Vanquished Creatures
  A worker ant (D:3)
  4 adders
  A shadow imp (D:5)
  An ooze (D:1)
  An adder skeleton (D:4)
  3 worms
  5 dart slugs
  4 leopard geckos
  5 orcs (D:3)
  5 bats
  4 giant cockroaches
  8 goblins
  7 hobgoblins
  10 kobolds
  2 quokkas
  4 frilled lizards
  6 rats
71 creatures vanquished.

Notes
Turn   | Place    | Note
-------+----------+-------------------------------------------
     0 | D:1      | Lavandula the Felid Chaos Knight began the quest for the Orb.
     0 | D:1      | Reached XP level 1. HP: 10/10 MP: 2/2
    51 | D:1      | XOM: harmless Necr miscast
   392 | D:2      | Reached XP level 2. HP: 10/14 MP: 3/3
   493 | D:2      | XOM: harmless Necr miscast
   612 | D:2      | XOM: harmless Fire miscast
   669 | D:2      | XOM: butterfly on damage
   753 | D:2      | XOM is BORED!
   753 | D:2      | XOM: medium Summ miscast
   754 | D:2      | Noticed a sun demon
  1108 | D:1      | XOM: confuse monster(s)
  1212 | D:1      | Reached XP level 3. HP: 12/17 MP: 4/4
  1328 | D:1      | XOM: polymorph jackal -> dart slug
  1354 | D:1      | XOM: medium Erth miscast
  1499 | D:1      | Reached skill level 4 in Unarmed Combat
  1866 | D:1      | XOM: mild Erth miscast
  2120 | D:2      | XOM: cloud trail
  2333 | D:3      | Found a snail-covered altar of Cheibriados.
  2452 | D:3      | XOM: cast spell 'Olgreb's Toxic Radiance'
  2459 | D:3      | Reached XP level 4. HP: 21/21 MP: 5/5
  2568 | D:3      | Found an opulent altar of Gozag.
  2593 | D:3      | Reached skill level 5 in Unarmed Combat
  2808 | D:3      | XOM is BORED!
  2989 | D:3      | Found a faded altar of an unknown god.
  2992 | D:3      | XOM: butterfly on damage
  3050 | D:2      | Reached XP level 5. HP: 21/24 MP: 6/6
  3215 | D:4      | XOM: stealth player
  3244 | D:4      | XOM: polymorph adder -> kobold
  3330 | D:4      | Noticed p0werm0de's ghost (amateur DsWr)
  3330 | D:4      | XOM: scenery: create altars
  3335 | D:4      | XOM: potion effect (brilliance)
  3342 | D:4      | XOM: summons friendly crimson imp
  3351 | D:4      | Found a deep blue altar of Sif Muna.
  3351 | D:4      | XOM: 1-stop teleportation journey
  3353 | D:4      | XOM: god gift: scroll of amnesia
  3354 | D:4      | XOM: summons 2 hostile demons
  3355 | D:4      | Noticed a ynoxinul
  3359 | D:4      | HP: 1/24 [orc wizard/magic dart (8)]
  3393 | D:4      | XOM: polymorph orc wizard -> ooze
  3413 | D:4      | thanks Xom
  3413 | D:4      | XOM: polymorph ooze -> killer bee
  3426 | D:4      | HP: 1/36 [poisoned by a killer bee]
  3427 | D:4      | Succumbed to a killer bee's poison
  3428 | D:4      | Reached XP level 4. HP: 0/31 MP: 5/5
  3440 | D:5      | Entered Level 5 of the Dungeon
  3480 | D:4      | !bee
  3515 | D:5      | Noticed an ogre
  3527 | D:5      | XOM: divination: detect creatures
  3579 | D:5      | Found a shimmering altar of Xom.
  3579 | D:5      | Found a stormy altar of Qazlal.
  3579 | D:5      | Noticed a kobold demonologist
  3580 | D:5      | Found a transporter.
  3580 | D:5      | Noticed a two-headed ogre
  3585 | D:5      | Noticed a cyclops
  3590 | D:5      | Found a transporter.
  3629 | D:5      | XOM: smoke on damage
  3689 | D:5      | Noticed a necrophage
  3693 | D:5      | XOM: divination: detect items
  3707 | D:5      | HP: 1/21 [poisoned by an adder]
  3710 | D:5      | Succumbed to an adder's poison

Vault maps used:
D:1:      minmay_arrival_up_and_down, minivault_25, minmay_pentomino_v2
D:2:      kennysheep_cluttered_room
D:3:      cheibriados_altar_1, grunt_gozag_statues,
          chequers_ecumenical_altar_lobes
D:4:      tgw_sif
D:5:      gammafunk_temple_overflow_arena, first_bread

Skill      XL: |  1  2  3  4 |
---------------+-------------+-----
Unarmed Combat | 4 5 |  5.1
Dodging        | 4 |  4.6
Fighting       | |  3.3
Stealth        | |  0.4

Action                   |  1- 3 |  4- 6 || total
-------------------------+-------+-------++-------
Melee: Unarmed           |   129 |    98 ||   227
       Bite              |    16 |     3 ||    19
       Punch             |     4 |     3 ||     7
  Use: Scroll            |       |     5 ||     5
       Potion            |       |     9 ||     9
 Stab: Sleeping          |     7 |     9 ||    16
  Eat: Chunk             |    10 |     1 ||    11
Armor: Skin              |     6 |    82 ||    88
Dodge: Dodged            |    66 |    67 ||   133
